 Dungeon Crawl Stone Soup version 0.31.0-11-ge490571c62 (webtiles) character file.

Game seed: 757756167468796599

7 sanka the Digger (level 2, -3/15 HPs)
             Began as a Gargoyle Earth Elementalist on Jan 28, 2024.
             Slain by a kobold
             ... wielding a +2 short sword of protection
              (5 damage)
             ... on level 1 of the Dungeon.
             The game lasted 00:00:40 (183 turns).

sanka the Digger (Gargoyle Earth Elementalist)       Turns: 183, Time: 00:00:41

Health: -3/15      AC:  4    Str: 11    XL:     2   Next: 0%
Magic:  5/5        EV: 11    Int: 15    God:
Gold:   7          SH:  0    Dex: 10    Spells: 4/5 levels left

rFire   . . .        (no weapon)
rCold   . . .        (no shield)
rNeg    + . .        a - +0 robe
rPois   ∞            (no helmet)
rElec   +            (no cloak)
rCorr   .            (no gloves)
SInv    .            (no boots)
Will    .....        (no amulet)
Stlth   ++           (no ring)
HPRegen 0.22/turn    (no ring)
MPRegen 0.09/turn

%: no passive effects
@: no status effects
A: sickness immunity, AC +2, negative energy resistance 1, electricity
resistance, torment resistance 1, petrification resistance
a: no special abilities


You were on level 1 of the Dungeon.
You visited 1 branch of the dungeon, and saw 1 of its levels.

You collected 7 gold pieces.


Innate Abilities, Weirdness & Mutations

You are immune to sickness and miasma.
Your stone body is resilient. (AC +2)
You are immune to poison.
You resist negative energy. (rN+)
You are resistant to electric shocks. (rElec)
You are resistant to unholy torment.
You are immune to petrification.


   Skills:
 - Level 1.5 Dodging
 - Level 2.1 Stealth
 + Level 2.1 Spellcasting
 + Level 1.5 Conjurations
 + Level 3.8 Earth Magic


You had 4 spell levels left.
You knew the following spells:

 Your Spells              Type           Power      Damage    Failure   Level
z - Sandblast             Erth           26%        2d8       4%          1

Your spell library contained the following spells:

 Spells                   Type           Power      Damage    Failure   Level
 Passwall                 Erth           13%        N/A       14%         3
 Stone Arrow              Conj/Erth      18%        3d8       22%         3
 Brom's Barrelling Bould  Conj/Erth      9%         2d3       58%         4
 Petrify                  Alch/Erth      7%         N/A       69%         4

Inventory:

Armour
 a - a +0 robe (worn)
Potions
 c - a potion of lignification {unknown}

Dungeon Overview and Level Annotations

Branches:
Dungeon (1/15)

Altars:

.▒ ▒▒▒▒▒▒▒▒▒..
▒......... ▒.......▒
.. ▒.......▒ ..
▒.......▒.. ▒..8...▒
.▒ ▒..K...▒▒.▒
▒......▒..▒ ▒
▒......▒.▒ ▒.▒▒.
▒▒▒.▒▒▒..▒ ▒.▒..
▒...▒...▒▒ ...▒
..▒.▒...▒▒▒ ▒.▒
▒.........▒▒▒▒ ▒▒▒▒▒..
▒............▒▒▒.....▒


You could see a kobold.


Message History

The kobold hits you but does no damage.
You barely miss the kobold.
The kobold is moderately wounded.
The kobold barely misses you.
You hit the kobold but do no damage.
The kobold is moderately wounded.
The kobold barely misses you.
The blast of sand hits the kobold but does no damage.
The kobold is moderately wounded.
The kobold hits you with a +2 short sword of protection.
* * * LOW HITPOINT WARNING * * *
The kobold barely misses you.
You hit the kobold but do no damage.
The kobold is moderately wounded.
The kobold hits you with a +2 short sword of protection.
* * * LOW HITPOINT WARNING * * *
You hit the kobold but do no damage.
The kobold is moderately wounded.
The kobold misses you.
You hit the kobold but do no damage. The kobold hits you but does no damage.
You closely miss the kobold.
The kobold hits you with a +2 short sword of protection.
* * * LOW HITPOINT WARNING * * *
You closely miss the kobold.
The kobold hits you with a +2 short sword of protection.
* * * LOW HITPOINT WARNING * * *
Magic courses through your body.
The kobold hits you with a +2 short sword of protection.
You die...

Action                     || total
---------------------------++-------
  Melee: Unarmed           ||    28
   Cast: Sandblast         ||    11
    Use: Potion            ||     1
 Armour: Robe              ||    17
  Dodge: Dodged            ||    24

Levels and vault maps discovered:
D:1:      wander_arrival_abandoned_jail, layout_rooms,
          chequers_serial_rivers_micro_e

Notes
Turn   | Place    | Note
-------+----------+-------------------------------------------
     0 | D:1      | sanka the Gargoyle Earth Elementalist began the quest for
                  | the Orb.
     0 | D:1      | Reached XP level 1. HP: 10/10 MP: 3/3
   155 | D:1      | Reached XP level 2. HP: 12/15 MP: 1/5
   179 | D:1      | HP: 1/15 [kobold/+2 short sword of protection (3)]
   183 | D:1      | Slain by a kobold

Vanquished Creatures
  A giant cockroach (D:1)
  A goblin (D:1)
  2 quokkas (D:1)
  2 rats (D:1)
6 creatures vanquished.
